 Dungeon Crawl Stone Soup version 0.30.1-11-g7821555f0a (webtiles) character file.

Game seed: 18143451512203356884

0 RancidPinata the Cudgeller (level 1, 0/12 HPs)
             Began as a Gargoyle Gladiator on Dec 11, 2023.
             Slain by a kobold
             ... wielding a +0 dagger
              (3 damage)
             ... on level 1 of the Dungeon.
             The game lasted 00:00:40 (144 turns).

RancidPinata the Cudgeller (Gargoyle Gladiator)      Turns: 144, Time: 00:00:40

Health: 0/12       AC:  8    Str: 17    XL:     1   Next: 10%
Magic:  1/1        EV: 11    Int:  8    God:
Gold:   5          SH:  0    Dex: 11    Spells: 0/0 levels left

rFire   . . .        a - +0 flail
rCold   . . .        (no shield)
rNeg    + . .        f - +0 ring mail
rPois   ∞            c - +0 helmet
rElec   +            (no cloak)
rCorr   .            (no gloves)
SInv    .            (no boots)
Will    .....        (no amulet)
Stlth   +            (no ring)
HPRegen 0.22/turn    (no ring)
MPRegen 0.07/turn

%: no passive effects
@: no status effects
A: sickness immunity, AC +2, negative energy resistance 1, electricity
resistance, torment resistance 1, petrification resistance
a: no special abilities


You were on level 1 of the Dungeon.
You visited 1 branch of the dungeon, and saw 1 of its levels.

You collected 5 gold pieces.

Inventory:

Hand Weapons
 a - a +0 flail (weapon)
Missiles
 d - 3 throwing nets (quivered)
 e - a javelin
Armour
 c - a +0 helmet (worn)
 f - a +0 ring mail (worn)


   Skills:
 * Level 2.2 Fighting
 * Level 3.0 Maces & Flails
 + Level 1.7 Throwing
 + Level 0.0 Armour
 - Level 2.4 Dodging


You couldn't memorise any spells.
You didn't know any spells.
Your spell library was empty.

Dungeon Overview and Level Annotations

Branches:
Dungeon (1/15)

Altars:


Innate Abilities, Weirdness & Mutations

You are immune to sickness and miasma.
Your stone body is resilient. (AC +2)
You are immune to poison.
You resist negative energy. (rN+)
You are resistant to electric shocks. (rElec)
You are resistant to unholy torment.
You are immune to petrification.


Message History

You finish putting on your +0 ring mail.
You drop a +0 leather armour.
A kobold comes into view. It is wielding a +1 dagger of venom.
Found a dagger.
The kobold shouts!
You hear a shout!
The kobold moves out of view.
A kobold is nearby!
The kobold throws a stone.
The stone hits you.
The kobold hits you with a +1 dagger of venom.
You barely miss the kobold. The kobold hits you but does no damage.
The kobold hits you with a +1 dagger of venom.
You closely miss the kobold. The kobold hits you but does no damage.
A kobold comes into view. It is wielding a +0 dagger.
You hit the kobold.
The kobold is moderately wounded.
The kobold hits you but does no damage.
You completely miss the kobold.
The kobold is moderately wounded.
The kobold hits you with a +1 dagger of venom.
You closely miss the kobold.
The kobold is moderately wounded.
The kobold closely misses you.
The kobold hits you with a +1 dagger of venom.
You barely miss the kobold.
The kobold is moderately wounded.
The kobold hits you but does no damage.
You barely miss the kobold.
The kobold is moderately wounded.
The kobold misses you.
You barely miss the kobold.
The kobold is moderately wounded.
The kobold hits you with a +1 dagger of venom.
* * * LOW HITPOINT WARNING * * *
The kobold barely misses you.
You sock the kobold!
You kill the kobold!
The kobold closely misses you.
A hobgoblin comes into view.
The kobold hits you with a +0 dagger.
You die...

###.## ##....♣♣♣ ♣♣♣
#....######....♣♣♣
#........###.....♣♣♣
+.........>##......♣♣♣♣♣♣
#.....##.#.###...†......♣♣♣♣
#...............#...[.......
#.....###..####.####........
#.....# #..# ##+#...........
#####.# #..# #..@.........##
..# #..# #.)K########.# #.
#..# #)..+ # #..# #...#
#..##...## #....... ......
.....g


You could see a hobgoblin (wandering) and a kobold.

Vanquished Creatures
  A frilled lizard (D:1)
  A kobold (D:1)
2 creatures vanquished.

Notes
Turn   | Place    | Note
-------+----------+-------------------------------------------
     0 | D:1      | RancidPinata the Gargoyle Gladiator began the quest for the
                  | Orb.
     0 | D:1      | Reached XP level 1. HP: 12/12 MP: 1/1
   144 | D:1      | Slain by a kobold

Illustrated notes

Levels and vault maps discovered:
D:1:      kilobyte_arrival_exit_the_forest, layout_basic,
          ebering_ecumenical_altar_webs, serial_corexii_hall,
          chequers_hall_statues_y, corexii_hall_statues_l

Action                     || total
---------------------------++-------
  Melee: Flail             ||    11
 Armour: Ring mail         ||     4
  Dodge: Dodged            ||     6
